 Dungeon Crawl Stone Soup version 0.19-a0-1002-g674d22e (webtiles) character file.

170 HAL9000 the Ruffian (level 5, -1/40 HPs)
             Began as a Draconian Transmuter on July 18, 2016.
             Succumbed to an orc's poison
             ... on level 3 of the Dungeon.
             The game lasted 00:05:18 (3188 turns).

HAL9000 the Ruffian (Draconian Transmuter)          Turns: 3188, Time: 00:05:19

Health: -1/40      AC:  5    Str: 13    XL:     5   Next: 26%
Magic:  1/8        EV: 12    Int: 14    God:
Gold:   165        SH:  0    Dex: 11    Spells: 3 memorised, 2 levels left

rFire  . . .     SeeInvis .       - Unarmed
rCold  . . .     Gourm    .     (armour unavailable)
rNeg   . . .     Faith    .     (no shield)
rPois  .         Spirit   +     (helmet restricted)
rElec  .         Dismiss  .     (no cloak)
rCorr  +         Reflect  .     (no gloves)
SustAt .         Harm     .     (no boots)
MR     .....                    e - amulet of guardian spirit
Stlth  +.........               (no ring)
                                f - ring of resist corrosion

@: lethally poisoned (-1 -> -34), very slightly contaminated, not resistant to
hostile enchantments, very unstealthy
A: unfitting armour, cold-blooded, AC +5
a: no special abilities


You were on level 3 of the Dungeon.
You were very hungry.

You visited 1 branch of the dungeon, and saw 3 of its levels.

You collected 165 gold pieces.

Inventory:

Missiles
 a - 22 arrows
 m - a throwing net (quivered)
Jewellery
 e - an amulet of guardian spirit (around neck)
 f - a ring of resist corrosion (left hand)
Scrolls
 d - 3 scrolls of enchant weapon {unknown}
 i - a scroll of remove curse {unknown}
 j - 4 scrolls of identify {unknown}
 k - a scroll of random uselessness {unknown}
 r - a scroll of fear {unknown}
Potions
 g - a potion of haste {unknown}
 h - 4 potions of curing {unknown}
 n - 2 potions of berserk rage {unknown}
 o - a potion of agility {unknown}
Books
 b - a book of Changes

   Spells                             Type                      Level
   a - Beastly Appendage              Transmutation                1
   b - Sticks to Snakes               Transmutation                2
   c - Spider Form                    Transmutation/Poison         3
   d - Ice Form                       Ice/Transmutation            4
   e - Blade Hands                    Transmutation                5
Comestibles
 c - 4 bread rations
 q - a royal jelly


   Skills:
 - Level 1.1 Fighting
 - Level 1.7 Dodging
 + Level 4.7 Unarmed Combat
 - Level 2.0 Spellcasting
 + Level 4.1 Transmutations


You had 2 spell levels left.
You knew the following spells:

 Your Spells              Type           Power        Failure   Level  Hunger
a - Beastly Appendage     Tmut           ##....       4%          1    ##.....
b - Sticks to Snakes      Tmut           ##......     10%         2    ###....
c - Spider Form           Tmut/Pois      #.........   30%         3    ####...


Dungeon Overview and Level Annotations

Branches:
Dungeon (3/15)

Altars:


Innate Abilities, Weirdness & Mutations

Your plain brown scales are hard. (AC +5)
Your body does not fit into most forms of armour.
You are cold-blooded and may be slowed by cold attacks.


Message History

You hit the orc priest but do no damage.
The orc priest is severely wounded.
You feel sick. The orc closely misses you.
The orc priest completely misses you.
Your ball python bites the orc but does no damage.
Your ball python constricts the orc.
Your ball python bites the orc priest but does no damage.
Your ball python constricts the orc priest.
Your adder bites the orc priest.
You hit the orc priest.
You kill the orc priest!
You feel sick.
Your ball python completely misses the orc.
Your ball python constricts the orc.
The orc hits you with a morningstar of venom!
* * * LOW HITPOINT WARNING * * *
You are more poisoned.
You hit the orc but do no damage.
The orc is lightly wounded.
You die...

###############
########.............#
#####........S.o########.#
#........[...S@S.......#.#
#......................#.#
#...............########.######
#...............'.............#
###......[........########.####.#
...†.....#####.##.# #.# #.#
...†.....#####.##.########.####.#
....####.......##.##............#
....# #..#######.##.#####.###...


You could see an orc, a friendly adder and 2 friendly ball pythons.

Vanquished Creatures
  An orc priest (D:3)
  Jessica (D:2)
  An adder (D:2)
  An ooze (D:2)
  A worm (D:2)
  2 dart slugs
  2 giant geckos
  A ball python (D:2)
  6 giant cockroaches
  16 goblins
  12 hobgoblins
  10 jackals
  8 kobolds
  A quokka (D:2)
  6 bats
  A giant newt (D:2)
  5 rats
75 creatures vanquished.

Vanquished Creatures (collateral kills)
  Robin (D:3)
  A worm (D:3)
  3 goblins (D:3)
  2 hobgoblins (D:3)
  A bat (D:3)
8 creatures vanquished.

Grand Total: 83 creatures vanquished

Notes
Turn   | Place    | Note
-------+----------+-------------------------------------------
     0 | D:1      | HAL9000 the Draconian Transmuter began the quest for the Orb.
     0 | D:1      | Reached XP level 1. HP: 16/16 MP: 3/3
   304 | D:1      | Reached XP level 2. HP: 15/23 MP: 3/5
   830 | D:1      | Reached XP level 3. HP: 21/28 MP: 4/6
  1627 | D:2      | Reached XP level 4. HP: 29/35 MP: 5/7
  1674 | D:2      | Noticed Jessica
  1679 | D:2      | Killed Jessica
  1684 | D:2      | Learned a level 2 spell: Sticks to Snakes
  1688 | D:2      | Learned a level 3 spell: Spider Form
  2329 | D:3      | Noticed Robin
  2672 | D:3      | Killed Robin
  2872 | D:3      | Reached XP level 5. HP: 37/40 MP: 6/8
  3187 | D:3      | HP: 1/40 [orc/morningstar of venom (13)]
  3188 | D:3      | Succumbed to an orc's poison

Vault maps used:
D:1:      ncdulo_wetmaze, minmay_misc_feat_nine_boxes
D:2:      uniq_jessica
D:3:      first_bread, uniq_robin

Skill      XL: |  1  2  3  4  5 |
---------------+----------------+-----
Transmutations | 3 4 |  4.1
Unarmed Combat | 4 |  4.7
Fighting       | |  1.1
Dodging        | |  1.7
Spellcasting   | |  2.0

Action                   |  1- 3 |  4- 6 || total
-------------------------+-------+-------++-------
Melee: Unarmed           |   156 |    92 ||   248
       Headbutt          |     6 |     5 ||    11
       Tailslap          |    11 |    13 ||    24
       Kick              |    17 |     7 ||    24
       Punch             |     1 |       ||     1
 Cast: Beastly Appendage |    27 |    15 ||    42
       Sticks to Snakes  |       |     9 ||     9
 Stab: Sleeping          |     1 |     1 ||     2
  Eat: Chunk             |     3 |     5 ||     8
Armor: Skin              |    47 |    48 ||    95
Dodge: Dodged            |    95 |    85 ||   180
